 Dungeon Crawl Stone Soup version 0.24.0-13-gcf9b3192b9 (webtiles) character file.

Game seed: 7287364219524630996, levelgen mode: deterministic

283 Delamore the Cleaver (level 6, 0/51 HPs)
             Began as a Hill Orc Monk on Nov 5, 2019.
             Was a Believer of Beogh.
             Slain by an iguana (5 damage)
             ... on level 5 of the Dungeon.
             The game lasted 00:05:31 (3726 turns).

Delamore the Cleaver (Hill Orc Monk)                Turns: 3726, Time: 00:05:31

Health: 0/51       AC:  7    Str: 16    XL:     6   Next: 28%
Magic:  6/6        EV: 11    Int: 10    God:    Beogh [**....]
Gold:   171        SH:  0    Dex: 13    Spells: 5/5 levels left

rFire    . . .     SeeInvis .   a - +0 hand axe
rCold    . . .     Gourm    .   (no shield)
rNeg     . . .     Faith    .   g - +0 ring mail
rPois    .         Spirit   .   d - +0 helmet
rElec    .         Reflect  .   (no cloak)
rCorr    .         Harm     .   i - +0 pair of gloves
MR       .....                  (no boots)
Stlth    +.........             (no amulet)
HPRegen  0.17/turn              (no ring)
MPRegen  0.10/turn              (no ring)

@: no status effects
A: no striking features
a: Smiting, Renounce Religion


You were on level 5 of the Dungeon.
You worshipped Beogh.
Beogh was pleased with you.
You were not hungry.

You visited 1 branch of the dungeon, and saw 5 of its levels.

You collected 171 gold pieces.

Inventory:

Hand Weapons
 a - a +0 hand axe (weapon)
Armour
 d - a +0 helmet (worn)
 g - a +0 ring mail (worn)
 i - a +0 pair of gloves (worn)
Jewellery
 l - an uncursed ring of fire
 p - a +4 ring of dexterity {unknown}
Scrolls
 e - 4 scrolls of identify {unknown}
 f - 2 scrolls of enchant armour {unknown}
 j - a scroll of blinking {unknown}
 n - a scroll of fear {unknown}
 o - a scroll of magic mapping {unknown}
 t - a scroll of remove curse {unknown}
Potions
 b - a potion of lignification
 h - a potion of resistance {unknown}
 k - a potion of invisibility {unknown}
 m - a potion of heal wounds {unknown}
 q - 2 potions of might {unknown}
 r - a potion of agility {unknown}
 s - 2 potions of brilliance {unknown}
 u - a potion of flight {unknown}
Comestibles
 c - 5 rations


   Skills:
 - Level 3.6 Fighting
 + Level 8.2 Axes
 + Level 2.8 Armour
 - Level 2.4 Dodging
 - Level 1.5 Stealth


You had 5 spell levels left.
You didn't know any spells.
Your spell library was empty.

Dungeon Overview and Level Annotations

Branches:
Dungeon (5/15)
 Temple: D:4-7

Altars:
Qazlal
Beogh


Message History

You hit the iguana but do no damage.
The iguana is moderately wounded.
The iguana closely misses you.
You hit the iguana.
The iguana is heavily wounded.
The iguana bites you but does no damage.
You hit the iguana but do no damage.
The iguana is heavily wounded.
The iguana bites you!
* * * LOW HITPOINT WARNING * * *
You hit the iguana.
The iguana is severely wounded.
The iguana barely misses you.
You barely miss the iguana.
The iguana is severely wounded.
The iguana misses you.
You closely miss the iguana.
The iguana is severely wounded.
The iguana bites you.
You die...

### .. ..
.# ###.##
#....# .
#....#...#
#.@l....#
##.#...##
### ###


You could see an iguana.

Vanquished Creatures
  A sky beast (D:3)
  2 orc wizards
  5 adders
  An ooze (D:2)
  3 worms
  A dart slug (D:1)
  2 leopard geckos
  7 orcs
  7 bats
  4 giant cockroaches
  10 goblins
  5 hobgoblins
  8 jackals
  2 quokkas
  A ball python (D:2)
  5 frilled lizards
  A jackal zombie (D:3)
  6 kobolds
  7 rats
78 creatures vanquished.

Notes
Turn   | Place    | Note
-------+----------+-------------------------------------------
     0 | D:1      | Delamore the Hill Orc Monk began the quest for the Orb.
     0 | D:1      | Reached XP level 1. HP: 19/19 MP: 1/1
   103 | D:1      | Reached XP level 2. HP: 19/26 MP: 2/2
   434 | D:1      | Reached skill level 5 in Axes
   658 | D:1      | Reached XP level 3. HP: 31/31 MP: 3/3
  1212 | D:2      | Reached skill level 6 in Axes
  1549 | D:2      | Reached XP level 4. HP: 26/39 MP: 4/4
  1903 | D:2      | Reached skill level 1 in Armour
  2122 | D:2      | Found a stormy altar of Qazlal.
  2433 | D:3      | Reached XP level 5. HP: 42/45 MP: 5/5
  2458 | D:3      | Reached skill level 7 in Axes
  2648 | D:3      | Noticed a sky beast
  2671 | D:3      | HP: 3/67 [something (5)]
  2672 | D:3      | Killed a sky beast
  2962 | D:3      | Reached XP level 6. HP: 39/51 MP: 6/6
  2968 | D:3      | Reached skill level 8 in Axes
  3394 | D:3      | Found a roughly hewn altar of Beogh.
  3395 | D:3      | Became a worshipper of Beogh the Brigand
  3395 | D:3      | Reached * piety under Beogh
  3395 | D:3      | Reached ** piety under Beogh
  3718 | D:5      | Entered Level 5 of the Dungeon
  3726 | D:5      | Slain by an iguana

Levels and vault maps discovered:
D:1:      roderic_chinese_lattice_arrival, layout_basic, kennysheep_minor_cross,
          hangedman_decor_riveting
D:2:      layout_rooms, first_ration, lemuel_statue_altar
D:3:      layout_loops_ring, kennysheep_orc_chapel
D:4:      layout_basic, kennysheep_mini_moat, lemuel_doored_altar,
          old_standard_altar
D:5:      layout_cave_pools, minmay_temple_entry_offerings, serial_shops,
          kennysheep_mini

Skill      XL: |  1  2  3  4  5  6 |
---------------+-------------------+-----
Axes           | 5 6 7 8 |  8.2
Armour         | 1 2 |  2.8
Fighting       | |  3.6
Dodging        | |  2.4
Stealth        | |  1.5

Action                   |  1- 3 |  4- 6 || total
-------------------------+-------+-------++-------
Melee: Hand axe          |   121 |   201 ||   322
Invok: Convert to Beogh  |       |     1 ||     1
  Use: Potion            |       |     1 ||     1
 Stab: Sleeping          |       |     2 ||     2
  Eat: Chunk             |     2 |     7 ||     9
Armor: Robe              |     4 |       ||     4
       Ring mail         |    35 |    84 ||   119
       Skin              |       |     7 ||     7
Dodge: Dodged            |    83 |    84 ||   167
